AoeStats
← kkkg

Arena

510077764Analyzed
2v2 RM · 2d ago on Sep 29, 2026· 40m 26s· 4 players
Game mode
Random Map
Map size
Medium (4 player)
Population
200
Speed
Normal
Resources
Standard
Victory
Conquest
Starting age
Dark Age
Ending age
Imperial Age
RankedLock teamsTeams togetherTeam positionsShared explorationLock speedFull tech treeHidden civsTurbo modeCheats
Victory
Defeat
🇰🇷 Byzantines · South Korea
1169
+12
1085
+16
1130
-16
🇨🇳 Bulgarians · China
1040
-12
希望大陸人有素質一點
7:34 Loom
10:24 Feudal Age
11:06 Double-Bit Axe
18:33 Castle Age
16:37 Horse Collar
17:21 Fletching
18:19 Gold Mining
18:40 Crossbowman
19:18 Bodkin Arrow
20:48 Wheelbarrow
21:39 Padded Archer Armor
22:11 Fervor
24:40 Bow Saw
26:16 Hand Cart
30:40 Imperial Age
29:45 Leather Archer Armor
30:50 Yeomen
30:52 Town Watch
30:51 Arbalester
33:00 Bracer
33:26 Ballistics
34:07 Chemistry
37:19 Heavy Scorpion
ДУДОЛ ДЖАМП
10:09 Feudal Age
14:04 Castle Age
12:11 Horse Collar
13:24 Double-Bit Axe
15:31 Wheelbarrow
20:53 Bow Saw
23:02 Hand Cart
23:53 Gold Mining
24:38 Heavy Plow
25:00 Stone Mining
28:52 Imperial Age
26:10 Loom
27:03 Ballistics
27:07 Fletching
27:18 Padded Archer Armor
26:59 Elite Skirmisher
28:27 Forging
28:24 Scale Barding Armor
28:17 Bodkin Arrow
29:23 Leather Archer Armor
29:45 Iron Casting
29:29 Thumb Ring
30:46 Chemistry
30:45 Gold Shaft Mining
30:49 Stone Shaft Mining
30:36 Bracer
31:17 Conscription
31:00 Husbandry
30:55 Heavy Camel Rider
32:46 Ring Archer Armor
32:38 Chain Barding Armor
33:56 Plate Barding Armor
33:22 Scale Mail Armor
35:41 Crop Rotation
36:13 Two-Man Saw
35:47 Light Cavalry
37:17 Logistica
37:12 Hussar
38:26 Chain Mail Armor
38:23 Squires
38:10 Arson
38:10 Gambesons
40:30 Murder Holes
40:16 Treadmill Crane
40:50 Fortified Wall
41:19 Hoardings
kkkg
10:15 Feudal Age
11:26 Double-Bit Axe
14:37 Castle Age
12:30 Double-Bit Axe
13:31 Horse Collar
15:46 Bow Saw
16:49 Wheelbarrow
22:54 Hand Cart
23:52 Heavy Plow
24:21 Gold Mining
24:22 Stone Mining
25:46 Gold Shaft Mining
26:33 Stone Shaft Mining
26:11 Town Watch
26:14 Loom
28:18 Ballistics
28:09 Masonry
31:36 Imperial Age
29:07 Town Patrol
29:52 Fletching
30:02 Padded Archer Armor
30:13 Forging
30:09 Scale Barding Armor
30:05 Scale Mail Armor
29:59 Gambesons
30:15 Squires
30:01 Arson
30:54 Stirrups
31:26 Thumb Ring
31:06 Elite Skirmisher
32:09 Leather Archer Armor
31:49 Bodkin Arrow
32:30 Iron Casting
32:16 Chain Barding Armor
33:24 Chemistry
32:55 Architecture
33:31 Conscription
34:19 Pikeman
35:43 Bagains
36:16 Bracer
37:17 Blast Furnace
37:40 Halberdier
39:13 Chain Mail Armor
这是我的弟弟约翰
10:36 Feudal Age
14:27 Castle Age
13:29 Double-Bit Axe
16:19 Horse Collar
21:25 Bow Saw
21:11 Stone Mining
29:27 Imperial Age
27:22 Squires
28:14 Wheelbarrow
28:33 Heavy Plow
28:03 Elite Skirmisher
29:14 Hand Cart
31:12 Chemistry
31:45 Two-Man Saw
30:31 Pikeman
32:20 Crop Rotation
33:37 Town Watch
33:35 Cavalier
35:27 Crenellations
Connection lost

Rejoining the realm…

Still unreachable

The connection could not be restored.

Session expired

The server has moved on; the page needs a fresh start.